 Dungeon Crawl Stone Soup version 0.22-a0-247-gbddf880757 (webtiles) character file.

28043 NooBeakApe the Gouger (level 13, -6/75 HPs)
             Began as a Felid Abyssal Knight on Feb 25, 2018.
             Was a High Priest of Lugonu.
             Killed from afar by an ice statue (15 damage)
             ... with a freezing blast
             ... in an ice cave on Feb 26, 2018.
             The game lasted 01:22:21 (30323 turns).

NooBeakApe the Gouger (Felid Abyssal Knight)       Turns: 30323, Time: 01:22:21

Health: -6/75      AC: 25    Str: 12    XL:     13   Next: 7%
Magic:  17/23      EV: 31    Int: 23    God:    Lugonu [*****.]
Gold:   1125       SH:  0    Dex: 23    Spells: 2/20 levels left
                                        Lives:  0   Deaths: 4

rFire    + . .     SeeInvis +     - Unarmed
rCold    . . .     Gourm    .   (shield unavailable)
rNeg     + . .     Faith    .   (armour unavailable)
rPois    ∞         Spirit   .   (helmet unavailable)
rElec    +         Reflect  .   (cloak unavailable)
rCorr    .         Harm     .   (gloves unavailable)
MR       +....     Rnd*Rage +   (boots unavailable)
Stlth    ++++++....             (no amulet)
HPRegen  0.22/turn              x - ring of Knowledge {*Contam rF+ EV+2 Int+7 Stlth+}
MPRegen  0.18/turn              I - +3 ring of dexterity

@: statue-form, very slow
A: very small, no armour, no weapons or thrown items, stealth, claws 1, fangs 3,
see invisible, berserk 1, carnivore, clever 1, high mp 1, sense surroundings 1,
slow metabolism 1, strong 2, evolution 1, sharp paws
a: End Transformation, Depart the Abyss, Bend Space, Banish, Corrupt, Enter the
Abyss, Renounce Religion


You were in an ice cave.
You worshipped Lugonu.
Lugonu was extremely pleased with you.
You were not hungry.
You were a stone statue.
You visited 3 branches of the dungeon, and saw 17 of its levels.
You visited the Abyss 1 time.
You also visited: Ossuary and Ice Cave.

You collected 1125 gold pieces.

Inventory:

Jewellery
 x - the ring of Knowledge (left paw) {*Contam rF+ EV+2 Int+7 Stlth+}
   (You acquired it on level 10 of the Dungeon)

   [ring of evasion]

   It affects your evasion (+2).
   It affects your intelligence (+7).
   It protects you from fire.
   It causes magical contamination when unequipped.
   It makes you more stealthy.
 F - an uncursed ring of ice
 G - the ring "Paefac" {+Fly rN+ Str-5 SInv}
   (You found it on level 6 of the Lair of Beasts)

   [ring of flight]

   It affects your strength (-5).
   It protects you from negative energy.
   It lets you see invisible.
   It lets you fly.
 I - a +3 ring of dexterity (right paw)
Wands
 h - a wand of paralysis (41)
 n - a wand of random effects (26)
 t - a wand of polymorph (23)
 u - a wand of acid (3)
 v - a wand of scattershot (9)
 w - a wand of flame (67)
 B - a wand of iceblast (3)
Scrolls
 b - 3 scrolls of silence
 e - 5 scrolls of remove curse
 g - a scroll of holy word {unknown}
 i - 3 scrolls of teleportation
 j - a scroll of vulnerability
 m - 2 scrolls of blinking
 o - 2 scrolls of amnesia
 r - a scroll of fog
 y - 2 scrolls of fear
 A - a scroll of immolation
 D - a scroll of brand weapon {unknown}
Potions
 c - a potion of flight
 f - 6 potions of mutation
 l - 2 potions of invisibility
 q - 3 potions of haste
 s - a potion of brilliance
 z - 2 potions of might
 C - a potion of agility
 E - 2 potions of berserk rage {unknown}
Miscellaneous
 H - a phial of floods
Comestibles
 a - 43 rations


   Skills:
 - Level 8.2 Fighting
 - Level 10.4 Dodging
 - Level 10.9 Stealth
 + Level 11.0 Unarmed Combat
 - Level 4.0 Spellcasting
 - Level 8.0 Hexes
 - Level 8.0 Translocations
 - Level 10.0 Transmutations
 * Level 3.5 Air Magic
 * Level 8.9 Earth Magic
 - Level 10.0 Invocations
 - Level 6.6 Evocations


You had 2 spell levels left.
You knew the following spells:

 Your Spells              Type           Power        Failure   Level  Hunger
a - Confusing Touch       Hex            #####.       1%          1    None
d - Apportation           Tloc           #####.       1%          1    None
e - Swiftness             Chrm/Air       ##......     8%          2    #......
f - Airstrike             Air            ###.......   24%         4    ####...
g - Statue Form           Tmut/Erth      #####....    32%         6    #######
h - Leda's Liquefaction   Hex/Erth       #####.....   3%          4    ####...


Dungeon Overview and Level Annotations

Branches:
Dungeon (10/15)            Temple (0/1) D:5            Lair (6/6) D:10
 Shoals (0/4) Lair:4       Spider (0/4) Lair:2        Slime (0/5) Lair:5
    Orc (1/2) D:9

Altars:
Ashenzari
Cheibriados
Gozag
Makhleb
Ru
Sif Muna
Vehumet
Yredelemnul
Beogh

Shops:
D:8 *   D:10 %

Annotations:
D:10 2 transporters
Abyss:1 Josephine IceCv exclusion: ice statue


Innate Abilities, Weirdness & Mutations

You cannot wear armour.
You are incapable of wielding weapons or throwing items.
Your paws allow you to move quietly. (Stealth)
You have sharp claws.
You have razor-sharp teeth.
You have supernaturally acute eyesight. (SInv)
You are carnivorous and can eat meat at any time.
((You cover ground quickly.))
((Your thick and shaggy fur keeps you warm. (AC +3, rC+)))
You have a slow metabolism.
Your sharp claws are effective at attacking unaware monsters.
((You are partially covered in thin metallic scales. (AC +2)))
You tend to lose your temper in combat.
Your mind is acute. (Int +2)
You have an increased reservoir of magic. (+10% MP)
You passively map a small area around you.
Your muscles are very strong. (Str +4)
You evolve.


Message History

You are engulfed in freezing vapours.
* * * LOW HITPOINT WARNING * * *
Okay, then.
Really walk into a travel-excluded area?
The ice statue gestures at you. The bolt of cold misses you.
You feel better. The ice beast completely misses you.
Press: ? - help, Shift-Dir - straight line, f - ice beast
Aim: an ice beast (summoned, chance to defeat MR: 86%)
The ice beast is devoured by a tear in reality.
You feel somewhat more hungry.
The ice statue gestures.
The ice statue gestures at you. The shard of ice misses you.
The ice beast completely misses you. The ice statue gestures at you.
The shard of ice hits you!
* * * LOW HITPOINT WARNING * * *
The ice statue gestures at you. The freezing blast engulfs you!
You die...

##### ,,
#####...## * #
##........## ,
.#. ##..........#
, ,
....#..........##
................#
#......§§....## *
* ###..8Y§§§§..#
* ≈ ###8#§§§§#.#
, ≈####§§#### ,
≈≈ #§§## ,,,
##..## , , ,,, *
##..# * , ##...#
##...## #...##


You could see an ice statue and an ice beast.

Vanquished Creatures
  Rupert (Lair:6)
  Gastronok (D:8)
  A fire dragon (Lair:6)
  4 hydras
  2 two-headed ogres
  3 catoblepae (Lair:6)
  7 death yaks
  A swamp dragon (Lair:6)
  The ghost of ciphuk the Chiller, a novice OpIE of Vehumet (D:8)
  A lindwurm (Lair:6)
  3 manticores
  Maurice (D:8)
  15 elephants
  An ice statue (IceCv)
  8 black mambas
  A centaur zombie (D:10)
  Joseph (D:8)
  15 spiny frogs
  4 komodo dragons
  2 torpor snails
  5 rime drakes (Lair:6)
  6 jumping spiders (Lair:2)
  2 trolls
  2 polar bears
  The ghost of Execuda the Chopper, an amateur DrBe of Trog (D:4)
  8 hippogriffs
  8 dream sheep (Lair:6)
  21 blink frogs
  2 redbacks (Lair:2)
  5 wraiths
  A human (D:7)
  Eustachio (D:5)
  4 hogs (D:7)
  34 yaks
  6 basilisks
  A steam dragon (Lair:6)
  A warg (Orc:1)
  14 water moccasins
  3 acid dragons (Lair:6)
  Duvessa (D:7)
  10 porcupines
  A swamp drake (Lair:6)
  8 ice beasts
  2 sky beasts
  2 black bears (D:10)
  A phantom (D:10)
  10 orc warriors
  15 wolves
  5 centaurs
  5 ogres
  6 crocodiles
  2 big kobolds
  2 elf zombies (Ossuary)
  18 bullfrogs
  Dowan (D:7)
  A scorpion (D:8)
  4 wights (D:9)
  2 electric eels (Lair:2)
  3 howler monkeys
  7 crimson imps
  5 jellies
  2 quasits
  4 hounds
  11 orc priests
  14 orc wizards
  A gnoll shaman (D:6)
  2 iguanas
  Ijyb (D:5)
  Natasha (thrice) (D:4)
  11 worker ants
  3 mummies (Ossuary)
  2 worker ant zombies
  6 gnolls
  7 adders
  2 shadow imps
  5 white imps (IceCv)
  3 ufetubi (IceCv)
  5 oozes
  3 adder zombies (Ossuary)
  A worm (D:5)
  3 dart slugs (D:2)
  4 leopard geckos
  50 orcs
  A ball python (D:3)
  9 bats
  4 giant cockroaches
  3 goblins (D:2)
  8 hobgoblins
  10 jackals
  13 kobolds
  4 quokkas
  A ball python skeleton (D:5)
  6 frilled lizards
  A giant cockroach zombie (D:5)
  4 goblin zombies (Ossuary)
  A hobgoblin zombie (Ossuary)
  A jackal zombie (D:3)
  3 kobold zombies (Ossuary)
  A leopard gecko skeleton (D:5)
  A quokka zombie (Ossuary)
  5 rats
  4 rat zombies (Ossuary)
  A spectral orc (D:9)
533 creatures vanquished.

Vanquished Creatures (others)
  A reaper (IceCv)
  2 catoblepae
  An elephant (Lair:4)
  4 white imps (IceCv)
  3 ufetubi (IceCv)
  6 fungi
  12 plants
29 creatures vanquished.

Grand Total: 562 creatures vanquished

Notes
Turn   | Place    | Note
-------+----------+-------------------------------------------
     0 | Abyss:1  | NooBeakApe the Felid Abyssal Knight began the quest for the Orb.
     0 | Abyss:1  | Reached XP level 1. HP: 10/10 MP: 3/3
   111 | Abyss:2  | Noticed a large abomination
   113 | D:1      | Escaped the Abyss
   351 | D:1      | Reached XP level 2. HP: 13/14 MP: 4/4
   636 | D:1      | Reached * piety under Lugonu
  1211 | D:2      | Reached XP level 3. HP: 10/17 MP: 5/5
  2162 | D:2      | Reached skill level 3 in Unarmed Combat
  2369 | D:2      | Reached XP level 4. HP: 21/21 MP: 6/6
  3231 | D:3      | Gained mutation: You evolve. [potion of mutation]
  3231 | D:3      | Gained mutation: You have an increased reservoir of magic. (+10% MP) [potion of mutation]
  3465 | D:3      | Gained mutation: Your muscles are strong. (Str +2) [evolution]
  3543 | D:3      | Reached XP level 5. HP: 24/24 MP: 8/8
  3993 | D:4      | Noticed Execuda's ghost (amateur DrBe)
  4060 | D:4      | Noticed Natasha
  4077 | D:4      | Killed Natasha
  4077 | D:4      | Reached skill level 1 in Stealth
  4643 | D:4      | Noticed Natasha
  4688 | D:4      | Killed Natasha
  4688 | D:4      | Reached skill level 4 in Unarmed Combat
  5073 | D:4      | Noticed a water moccasin
  5083 | D:4      | Slain by a water moccasin
  5084 | D:4      | Reached XP level 4. HP: -5/22 MP: 7/7
  5095 | D:4      | Noticed Natasha
  5106 | D:4      | Killed Natasha
  5106 | D:4      | Reached XP level 5. HP: 23/25 MP: 9/9
  5156 | D:3      | Gained mutation: You tend to lose your temper in combat. [evolution]
  5259 | D:4      | Killed a water moccasin
  5259 | D:4      | Gained mutation: You are covered in thick fur. (AC +2) [Felid growth]
  5259 | D:4      | Reached XP level 6. HP: 28/28 MP: 10/10
  5378 | D:4      | Killed Execuda's ghost
  5378 | D:4      | Reached skill level 5 in Dodging
  5513 | D:4      | Learned a level 1 spell: Confusing Touch
  5566 | D:5      | Entered Level 5 of the Dungeon
  5578 | D:4      | Reached ** piety under Lugonu
  5786 | D:5      | Reached XP level 7. HP: 13/32 MP: 11/11
  6069 | D:5      | Reached skill level 5 in Unarmed Combat
  6069 | D:5      | Reached skill level 1 in Hexes
  6195 | D:5      | Learned a level 1 spell: Animate Skeleton
  6197 | D:5      | Learned a level 1 spell: Summon Small Mammal
  6199 | D:5      | Learned a level 1 spell: Apportation
  6429 | D:5      | Reached skill level 5 in Stealth
  6520 | D:5      | Reached skill level 1 in Translocations
  6608 | D:5      | Noticed Ijyb
  6620 | D:5      | Killed Ijyb
  6959 | D:5      | Found a staircase to the Ecumenical Temple.
  6991 | D:5      | Reached XP level 8. HP: 29/36 MP: 13/13
  7073 | D:5      | Noticed Eustachio
  7097 | D:5      | Killed Eustachio
  7490 | D:5      | Found a burning altar of Makhleb.
  7514 | D:5      | Reached skill level 5 in Fighting
  7514 | D:5      | Reached skill level 6 in Unarmed Combat
  7529 | D:5      | Found a deep blue altar of Sif Muna.
  8429 | D:6      | Reached *** piety under Lugonu
  8677 | D:7      | Noticed Joseph
  8688 | D:7      | Gained mutation: You are partially covered in thin metallic scales. (AC +2) [evolution]
  8700 | D:7      | Reached XP level 9. HP: 40/40 MP: 14/14
  8778 | D:7      | Found a snail-covered altar of Cheibriados.
  8855 | D:7      | Found a radiant altar of Vehumet.
  8855 | D:7      | Found a shattered altar of Ashenzari.
  8922 | D:7      | Reached skill level 5 in Invocations
  8997 | D:7      | Noticed Duvessa
  8998 | D:7      | Noticed Dowan
  9034 | D:7      | Killed Duvessa
  9039 | D:7      | Killed Dowan
  9039 | D:7      | Reached skill level 1 in Evocations
  9319 | D:7      | Reached skill level 7 in Unarmed Combat
  9330 | D:7      | Reached skill level 5 in Hexes
 10000 | D:8      | Noticed ciphuk's ghost (novice OpIE)
 10019 | D:8      | Killed ciphuk's ghost
 10019 | D:8      | Reached skill level 5 in Translocations
 10047 | D:8      | Noticed Maurice
 10061 | D:8      | Paralysed by Maurice for 2 turns
 10066 | D:8      | Killed Maurice
 10066 | D:8      | Reached XP level 10. HP: 26/45 MP: 17/17
 10109 | D:8      | Found an opulent altar of Gozag.
 10109 | D:8      | Found Gozag's Platinum Reserve.
 10264 | D:8      | Found a sand-covered staircase.
 10292 | Ossuary  | Entered an ossuary
 10581 | Ossuary  | Reached **** piety under Lugonu
 10644 | D:8      | Noticed Gastronok
 10838 | D:8      | Killed Gastronok
 10838 | D:8      | Reached skill level 8 in Unarmed Combat
 10949 | D:8      | Killed Joseph
 11473 | D:9      | Found a basalt altar of Yredelemnul.
 11487 | D:9      | Found a sacrificial altar of Ru.
 12211 | D:10     | Entered Level 10 of the Dungeon
 12399 | D:10     | Reached XP level 11. HP: 14/49 MP: 17/19
 12551 | D:10     | Noticed a two-headed ogre
 12560 | D:10     | Killed a two-headed ogre
 12766 | D:9      | Found a roughly hewn altar of Beogh.
 12766 | D:9      | Found a staircase to the Orcish Mines.
 12886 | D:9      | Reached ***** piety under Lugonu
 13652 | D:10     | Reached skill level 9 in Unarmed Combat
 13677 | D:10     | Found a staircase to the Lair.
 13705 | D:10     | Found Nuics's Food Emporium.
 13965 | D:10     | Identified a scroll of acquirement
 13969 | D:10     | Got a faintly glowing iron ring
 13970 | D:10     | Identified the ring of Knowledge {*Contam rF+ EV+2 Int+7 Stlth+} (You acquired it on level 10 of the Dungeon)
 14233 | D:10     | Gained mutation: You are agile. (Dex +2) [evolution]
 14459 | D:10     | Found a transporter.
 14671 | D:10     | Found a transporter.
 14878 | Lair:1   | Entered Level 1 of the Lair of Beasts
 15490 | Lair:1   | Noticed a five-headed hydra
 15498 | Lair:1   | Killed a five-headed hydra
 15609 | Lair:1   | Reached skill level 5 in Evocations
 15616 | Lair:1   | Impaled on a porcupine's spines
 15617 | Lair:1   | Reached XP level 10. HP: 1/47 MP: 18/18
 15661 | Lair:1   | Noticed a spiny frog
 16030 | Lair:1   | Killed a spiny frog
 16089 | Lair:2   | Reached XP level 11. HP: 45/50 MP: 20/20
 17202 | Lair:1   | Reached skill level 10 in Unarmed Combat
 17322 | Lair:2   | Reached skill level 10 in Stealth
 18400 | Lair:2   | Learned a level 2 spell: Swiftness
 18405 | Lair:2   | Learned a level 4 spell: Airstrike
 18618 | Lair:2   | Gained mutation: You passively map a small area around you. [evolution]
 18669 | Lair:2   | Reached skill level 10 in Dodging
 19246 | Lair:2   | Found a hole to the Spider Nest.
 19270 | Lair:2   | Reached skill level 1 in Air Magic
 20158 | Lair:3   | Gained mutation: Your thick and shaggy fur keeps you warm. (AC +3, rC+) [Felid growth]
 20158 | Lair:3   | Reached XP level 12. HP: 55/55 MP: 20/22
 20226 | Lair:3   | Noticed a death yak
 20227 | Lair:3   | Noticed a death yak
 20227 | Lair:3   | Noticed a death yak
 20228 | Lair:3   | Noticed a death yak
 20233 | Lair:3   | Killed a death yak
 20397 | Lair:2   | Killed a death yak
 20476 | Lair:3   | Slain by a komodo dragon
 20477 | Lair:3   | Reached XP level 11. HP: -1/51 MP: 21/21
 21043 | Lair:2   | Killed a death yak
 21090 | Lair:3   | Killed a death yak
 21090 | Lair:3   | Reached skill level 10 in Invocations
 21405 | Lair:4   | Found a staircase to the Shoals.
 21565 | Lair:4   | Reached skill level 1 in Spellcasting
 22237 | Lair:4   | Reached XP level 12. HP: 55/55 MP: 22/22
 22245 | Lair:4   | Learned a level 6 spell: Statue Form
 22500 | Lair:5   | Reached skill level 1 in Transmutations
 22500 | Lair:5   | Reached skill level 1 in Earth Magic
 22591 | Lair:5   | Found a staircase to the Slime Pits.
 22609 | Lair:5   | Reached ****** piety under Lugonu
 22691 | Lair:5   | Lost mutation: You are agile. (Dex +2) [evolution]
 23418 | Lair:5   | Noticed a catoblepas
 24421 | Lair:6   | Entered Level 6 of the Lair of Beasts
 24582 | Lair:5   | Banished a catoblepas
 24893 | Lair:6   | Noticed a six-headed hydra
 24903 | Lair:6   | Killed a six-headed hydra
 25072 | Lair:6   | Reached skill level 5 in Transmutations
 25121 | Lair:6   | Noticed a catoblepas
 25179 | Lair:6   | Banished a catoblepas
 25395 | Lair:5   | Gained mutation: Your muscles are very strong. (Str +4) [evolution]
 25809 | Lair:5   | Reached skill level 5 in Earth Magic
 26166 | Lair:6   | Noticed Josephine
 26170 | Lair:6   | Banished Josephine
 26324 | Lair:6   | Reached XP level 13. HP: 52/58 MP: 21/23
 26561 | Lair:6   | Noticed Rupert
 27387 | Lair:6   | Got a shimmering jade ring
 27391 | Lair:6   | Identified the ring "Paefac" {+Fly rN+ Str-5 SInv} (You found it on level 6 of the Lair of Beasts)
 27564 | Lair:6   | Killed Rupert
 27850 | Lair:6   | Learned a level 4 spell: Leda's Liquefaction
 28325 | Lair:6   | Gained mutation: Your mind is acute. (Int +2) [evolution]
 28517 | Lair:6   | Noticed a fire dragon
 28526 | Lair:6   | Killed a fire dragon
 29437 | Lair:6   | Reached skill level 10 in Transmutations
 29452 | Lair:6   | Reached XP level 14. HP: 52/63 MP: 24/24
 29860 | Orc:1    | Entered Level 1 of the Orcish Mines
 29861 | Orc:1    | Reached skill level 11 in Unarmed Combat
 29915 | Orc:1    | Found a frozen archway.
 29959 | IceCv    | Entered an ice cave
 30258 | IceCv    | Engulfed by an ice statue's freezing vapour
 30259 | IceCv    | Reached XP level 13. HP: -1/75 MP: 16/23
 30282 | IceCv    | Killed a reaper
 30323 | IceCv    | Killed from afar by an ice statue

Vault maps used:
D:1:      shiori_arrival_maze, minmay_domino_2
D:4:      first_ration, uniq_natasha
D:5:      makhleb_grotto_becter, lemuel_coloured_pillars_altar,
          temple_fountains, uniq_ijyb, uniq_eustachio
D:7:      lemuel_crystal_altar, gammafunk_temple_overflow_pools,
          grunt_livestock, uniq_duvessa, uniq_joseph
D:8:      nicolae_ossuary_entry_monument, nicolae_gozag_zags_fifth_avenue,
          uniq_gastronok, uniq_maurice
D:9:      yredelemnul_forgotten_temple_becter, david_orc_5,
          nicolae_ru_awakened_eye
D:10:     gammafunk_cloud_chamber, david_lair_generic, serial_shops, shop,
          dk_vineyard_3, hex_large
Lair:2:   nicolae_spider_entry_tight_spaces, serial_bayou_lake_a,
          grunt_megastairs_5
Lair:4:   minmay_shoals_entry_beasts
Lair:5:   nicolae_slime_entry_slimehenge, infiniplex_staircase_pool,
          lemuel_fruit_tree
Lair:6:   hangedman_lair_in_review, guppyfry_lair_end_dragon, uniq_josephine,
          uniq_rupert
Orc:1:    serial_shops, shop, portal_ice_cave_entry_ice_beasts
Abyss:2:  evilmike_abyss_exit_smiterflies
Ossuary:  ossuary_minmay_chase
IceCv:    ice_cave_small_demon

Skill      XL: |  1  2  3  4  5  6  7  8  9 10 11 12 13 14 |
---------------+-------------------------------------------+-----
Invocations    | 2 3 4 6 7 10 | 10.0
Unarmed Combat | 3 4 5 6 7 8 10 11 | 11.0
Dodging        | 4 5 6 7 8 10 | 10.4
Stealth        | 3 4 5 6 7 8 10 | 10.9
Fighting       | 4 5 6 8 |  8.2
Hexes          | 2 4 5 7 8 |  8.0
Translocations | 1 3 5 8 7 |  8.0
Evocations     | 2 3 6 |  6.6
Air Magic      | 3 2 |  3.5
Spellcasting   | 3 4 |  4.0
Transmutations | 6 10 | 10.0
Earth Magic    | 5 8 |  8.9

Action                   |  1- 3 |  4- 6 |  7- 9 | 10-12 | 13-15 || total
-------------------------+-------+-------+-------+-------+-------++-------
Melee: Unarmed           |   110 |   158 |   298 |  1349 |   359 ||  2274
       Bite              |     6 |    21 |    33 |   211 |    43 ||   314
       Punch             |       |     2 |     8 |    89 |    19 ||   118
 Cast: Confusing Touch   |       |       |    29 |   193 |    33 ||   255
       Summon Small Mamm |       |       |     5 |    15 |       ||    20
       Animate Skeleton  |       |       |     2 |       |       ||     2
       Airstrike         |       |       |       |     5 |     3 ||     8
       Statue Form       |       |       |       |       |    12 ||    12
       Swiftness         |       |       |       |       |     1 ||     1
Invok: Depart the Abyss  |     1 |       |       |       |       ||     1
       Banish            |       |       |       |    10 |     1 ||    11
       Bend Space        |       |       |       |       |     5 ||     5
Evoke: Wand              |       |     5 |       |    14 |    10 ||    29
  Use: Potion            |       |     7 |     6 |    12 |     4 ||    29
       Scroll            |       |     6 |    10 |    16 |     9 ||    41
 Stab: Sleeping          |     8 |     4 |    15 |    45 |     3 ||    75
       Paralysed         |       |     3 |       |     4 |     3 ||    10
       Confused          |       |       |    27 |   116 |    24 ||   167
       Invisible         |       |       |     5 |     2 |       ||     7
       Distracted        |       |       |       |     6 |       ||     6
       Petrified         |       |       |       |       |     3 ||     3
  Eat: Chunk             |    10 |    10 |    11 |    55 |    13 ||    99
Armor: Skin              |     7 |     5 |    20 |    94 |    54 ||   180
Dodge: Dodged            |    83 |   101 |   189 |  1201 |   548 ||  2122

Table legend:
 A = Spawn XP
 B = Non-spawn XP
 C = Spawn XP percentage of total XP
 D = Spawn monster count
 E = Non-spawn monster count
 F = Spawn count percentage of total count
 G = Total turns spent on level
                    A         B        C        D         E        F      G
               +---------+---------+-------+---------+---------+-------+---------
         Total |       0 |   88881 |   0.0 |       0 |     537 |   0.0 | 30323
               +---------+---------+-------+---------+---------+-------+---------
           D:1 |       0 |      34 |   0.0 |       0 |      19 |   0.0 |   895
           D:2 |       0 |      63 |   0.0 |       0 |      19 |   0.0 |  1418
           D:3 |       0 |     150 |   0.0 |       0 |      21 |   0.0 |  2296
           D:4 |       0 |     652 |   0.0 |       0 |      15 |   0.0 |  1291
           D:5 |       0 |    1339 |   0.0 |       0 |      35 |   0.0 |  1901
           D:6 |       0 |     687 |   0.0 |       0 |      18 |   0.0 |   715
           D:7 |       0 |    1679 |   0.0 |       0 |      19 |   0.0 |  1460
           D:8 |       0 |    4983 |   0.0 |       0 |      32 |   0.0 |  1299
           D:9 |       0 |    1675 |   0.0 |       0 |      46 |   0.0 |  1380
          D:10 |       0 |    4919 |   0.0 |       0 |      40 |   0.0 |  2084
        Lair:1 |       0 |    6211 |   0.0 |       0 |      27 |   0.0 |  1722
        Lair:2 |       0 |   10046 |   0.0 |       0 |      39 |   0.0 |  3349
        Lair:3 |       0 |    5523 |   0.0 |       0 |      16 |   0.0 |  1269
        Lair:4 |       0 |    6387 |   0.0 |       0 |      28 |   0.0 |  1725
        Lair:5 |       0 |    8691 |   0.0 |       0 |      34 |   0.0 |  2700
        Lair:6 |       0 |   32834 |   0.0 |       0 |      82 |   0.0 |  3895
         Orc:1 |       0 |    2210 |   0.0 |       0 |      17 |   0.0 |    99
       Ossuary |       0 |     259 |   0.0 |       0 |      21 |   0.0 |   348
         IceCv |       0 |     539 |   0.0 |       0 |       9 |   0.0 |   364
               +---------+---------+-------+---------+---------+-------+---------
